[Event "Team 45 45 League T47"]
[Site "Internet Chess Club"]
[Date "2010.11.14"]
[Round "2"]
[White "rdmuhcu"]
[Black "technika"]
[Result "1/2-1/2"]
[WhiteElo "2254"]
[BlackElo "2082"]
[Opening "Trompowsky attack (Ruth, Opocenský opening)"]
[ECO "A45"]
[Time "13:33:52"]
[TimeControl "2700+45"]

1. d4 Nf6 2. Bg5 Ne4 3. Bf4 Nc6 4. d5 e5 5. Be3 Ne7 6. Qd3 Nf6 7. Nc3 d6 8. Bg5
Bd7 9. e4 Ng6 10. Nge2 Be7 11. g3 Nxd5 12. Bxe7 Ndxe7 13. h4 h6 14. O-O-O Nc6
15. f4 Bg4 16. Bh3 Bxh3 17. Rxh3 Nge7 18. Rhh1 Qd7 19. h5 O-O-O 20. f5 a6 21.
Rhf1 Na7 22. Kb1 Ng8 23. Nd5 Qb5 24. c4 Qd7 25. Qb3 Kb8 26. c5 Qb5 27. cxd6 Rxd6
28. Qc3 Qd7 29. Qxe5 Nf6 30. Nec3 Nb5 31. Qf4 Rd8 32. g4 Qe8 33. Rc1 Nxc3+ 34.
Nxc3 Nd7 35. Nd5 Qe5 36. Qxe5 Nxe5 37. Nxc7 Rd4 38. f6 gxf6 39. Nd5 Rxe4 40.
Nxf6 Red4 41. a3 Nxg4 42. Nxg4 Rxg4 43. Rxf7 Rd5 44. Rh1 Rgg5 45. Rf6 Rxh5 46.
Rxh6 Rxh1+ 47. Rxh1 Rd2 48. Rh7 Rf2 {Game drawn by mutual agreement} 1/2-1/2

[Event "Team 45 45 League T47"]
[Site "Internet Chess Club"]
[Date "2010.11.14"]
[Round "2"]
[White "jorobo"]
[Black "YoniKer"]
[Result "0-1"]
[WhiteElo "2083"]
[BlackElo "2087"]
[Opening "English: three knights system"]
[ECO "A27"]
[Time "14:03:32"]
[TimeControl "2700+45"]

1. c4 e5 2. Nc3 Nc6 3. Nf3 f5 4. d4 e4 5. Ng5 Nf6 6. Nh3 Bb4 7. Bg5 O-O 8. e3 d6
9. Rc1 Qe8 10. Bxf6 Rxf6 11. Nf4 Ne7 12. Be2 c6 13. O-O Ba5 14. Qa4 Bc7 15. Ncd5
Nxd5 16. Nxd5 Rf7 17. Nxc7 Rxc7 18. b4 Rf7 19. d5 Bd7 20. dxc6 bxc6 21. Qd1 Rf6
22. Qd4 Qe7 23. Rfd1 Rh6 24. g3 Qe6 25. Bf1 Be8 26. Rd2 Rc8 27. Qxa7 Bh5 28. Qd4
Bf3 29. Bg2 Bxg2 30. Kxg2 f4 31. h4 Rxh4 32. gxh4 Qg4+ 33. Kf1 Qh3+ 34. Ke2 Qf3+
35. Ke1 Qh1+ 36. Ke2 f3# {White checkmated} 0-1

[Event "Team 45 45 League T47"]
[Site "Internet Chess Club"]
[Date "2010.11.14"]
[Round "2"]
[White "SuperPeon"]
[Black "noHz"]
[Result "1-0"]
[WhiteElo "2080"]
[BlackElo "2097"]
[Opening "French: Tarrasch"]
[ECO "C03"]
[Time "03:30:22"]
[TimeControl "2700+45"]

1. e4 e6 2. d4 d5 3. Nd2 Be7 4. Bd3 c5 5. c3 Nf6 6. e5 Nfd7 7. Ne2 Nc6 8. O-O
Qb6 9. Nf3 a5 10. Bc2 O-O 11. Re1 f6 12. Nf4 fxe5 13. Bxh7+ Kxh7 14. Nxe6 Rf5
15. dxe5 Ndxe5 16. Nfg5+ Rxg5 17. Nxg5+ Bxg5 18. Bxg5 Bg4 19. Qxd5 Qxb2 20. f4
Ng6 21. h3 Be2 22. Rab1 Qc2 23. Rxb7 Re8 24. Qxc6 Bb5 25. Qxe8 Bxe8 26. Rxe8 Qf5
27. g3 Qxh3 28. Rb2 Qxg3+ 29. Rg2 Qxc3 30. Rh2+ Nh4 31. Bxh4 Kg6 32. Rg2+ Kf5
33. Re7 g6 34. Bg5 Qa1+ 35. Kf2 Qb2+ 36. Re2 Qd4+ 37. Kf3 Qd3+ 38. Re3 Qd1+ 39.
Kg3 Qg4+ 40. Kf2 {Black resigns} 1-0

[Event "Team 45 45 League T47"]
[Site "Internet Chess Club"]
[Date "2010.11.15"]
[Round "2"]
[White "Vaigpertu"]
[Black "AugustoCaruso"]
[Result "1-0"]
[WhiteElo "2293"]
[BlackElo "2259"]
[Opening "Dutch: classical variation"]
[ECO "A96"]
[Time "16:29:26"]
[TimeControl "2700+45"]

1. d4 e6 2. c4 f5 3. g3 Nf6 4. Bg2 Be7 5. Nf3 d6 6. O-O O-O 7. b3 a5 8. Nc3 Ne4
9. Bb2 Bf6 10. Qc2 Nxc3 11. Bxc3 Qe8 12. e4 fxe4 13. Qxe4 Nc6 14. Rfe1 Bd7 15.
a3 Qh5 16. Rad1 Rae8 17. Ne5 Nxe5 18. dxe5 Bc6 19. Qe2 Qxe2 20. Rxe2 Bxg2 21.
Kxg2 Bxe5 22. Bxe5 dxe5 23. Rxe5 b6 24. c5 Rf5 25. Rxf5 exf5 26. Rd7 Re5 27. c6
b5 28. Rxc7 Rc5 29. Rb7 Rxc6 30. Rb8+ Kf7 31. Rxb5 Rc3 32. Rxf5+ Kg6 33. Rf3 Rc2
34. a4 Rc1 35. h3 Rb1 36. g4 h6 37. Kg3 Rb2 38. h4 h5 39. g5 Rb1 40. Rc3 Rg1+
41. Kf3 Rb1 42. Kf4 Rg1 43. Rc6+ Kf7 44. Kf5 Rd1 45. Rc7+ Kg8 46. g6 Rd5+ 47.
Ke6 Rd8 48. Ke7 {Black resigns} 1-0

[Event "Team 45 45 League T47"]
[Site "Internet Chess Club"]
[Date "2010.11.12"]
[Round "2"]
[White "QueensCounselor"]
[Black "pestka"]
[Result "1/2-1/2"]
[WhiteElo "2149"]
[BlackElo "2282"]
[Opening "QGD semi-Slav: Bogolyubov variation"]
[ECO "D46"]
[Time "15:01:59"]
[TimeControl "2700+45"]

1. d4 d5 2. c4 e6 3. Nf3 c6 4. e3 Nf6 5. Nc3 Nbd7 6. Bd3 Be7 7. O-O O-O 8. Bd2
b6 9. cxd5 cxd5 10. Rc1 a6 11. Qb3 Bb7 12. Na4 b5 13. Nc5 Nxc5 14. dxc5 Rc8 15.
Qa3 d4 16. b4 Bxf3 17. gxf3 dxe3 18. Bxe3 Qd5 19. Be2 Qc6 20. Rfd1 Rfd8 21. Qb3
Nd5 22. Bd4 Rd7 23. Be3 Rcd8 24. a3 Bf6 25. Qc2 Be5 26. Bg5 f6 27. Bh4 Bf4 28.
Rb1 {Game drawn by mutual agreement} 1/2-1/2

[Event "Team 45 45 League T47"]
[Site "Internet Chess Club"]
[Date "2010.11.12"]
[Round "2"]
[White "Jack-ONeill"]
[Black "PandorasBox"]
[Result "0-1"]
[WhiteElo "1996"]
[BlackElo "1958"]
[Opening "Dutch"]
[ECO "A80"]
[Time "16:03:20"]
[TimeControl "2700+45"]

1. d4 f5 2. Nf3 g6 3. Bf4 d6 4. e3 Bg7 5. c3 Nf6 6. Qb3 h6 7. Bc4 d5 8. Be2 Nc6
9. h3 O-O 10. Nbd2 Ne4 11. Nxe4 fxe4 12. Nd2 a5 13. Bg3 e5 14. O-O exd4 15. cxd4
a4 16. Qc3 Be6 17. Bb5 Bd7 18. Be2 Qe7 19. Nb1 b5 20. a3 Na5 21. Qxc7 Rfc8 22.
Qd6 Qxd6 23. Bxd6 Nb3 24. Ra2 Nc1 25. Nc3 Rxc3 {White resigns} 0-1

[Event "Team 45 45 League T47"]
[Site "Internet Chess Club"]
[Date "2010.11.13"]
[Round "2"]
[White "Deckfuel"]
[Black "fledermaus"]
[Result "1-0"]
[WhiteElo "2093"]
[BlackElo "1824"]
[Opening "Dunst (Sleipner, Heinrichsen) opening"]
[ECO "A00"]
[Time "15:01:40"]
[TimeControl "2700+45"]

1. Nc3 d5 2. e4 d4 3. Nce2 e5 4. Ng3 Be6 5. Nf3 f6 6. Bb5+ c6 7. Ba4 Nd7 8. Bb3
Nc5 9. Bxe6 Nxe6 10. O-O Qd7 11. d3 O-O-O 12. Bd2 Ne7 13. a4 h5 14. Nh4 g5 15.
Nhf5 Ng6 16. Nxh5 Qh7 17. g4 Ngf4 18. Bxf4 gxf4 19. f3 Qg6 20. Kh1 Rd7 21. Qd2
Rxh5 22. gxh5 Qxh5 23. Qg2 Rh7 24. Rf2 Kb8 25. Qg8 Qf7 26. Qxf7 Rxf7 27. h4 Rh7
28. Rh2 Kc7 29. Rg1 Nc5 30. Rg8 Nd7 31. h5 Kb6 32. h6 Ka5 33. Rg7 {Black
resigns} 1-0

[Event "Team 45 45 League T47"]
[Site "Internet Chess Club"]
[Date "2010.11.11"]
[Round "2"]
[White "DieHappy"]
[Black "NFork"]
[Result "1-0"]
[WhiteElo "2261"]
[BlackElo "2263"]
[Opening "Neo-Grünfeld (Kemeri) defense"]
[ECO "D71"]
[Time "15:12:38"]
[TimeControl "2700+45"]

1. d4 Nf6 2. c4 g6 3. g3 d5 4. Bg2 dxc4 5. Na3 Bg7 6. Nxc4 O-O 7. Nf3 c5 8. O-O
Be6 9. Nfe5 Bd5 10. dxc5 Bxg2 11. Kxg2 Nfd7 12. Nd3 Na6 13. Bg5 Re8 14. Nd6 Rf8
15. Nxb7 Qc7 16. Rc1 Qxb7+ 17. c6 Qb5 18. Bxe7 Ne5 19. Bxf8 Rxf8 20. Nxe5 Bxe5
21. b3 Nb4 22. Qd7 Nxa2 23. Rc4 Qxb3 24. Rc5 Bg7 25. c7 Qb7+ 26. f3 Rc8 27. Rb1
Qa6 28. Qxc8+ {Black resigns} 1-0

[Event "Team 45 45 League T47"]
[Site "Internet Chess Club"]
[Date "2010.11.15"]
[Round "2"]
[White "zeigmata"]
[Black "eurander"]
[Result "1-0"]
[WhiteElo "2256"]
[BlackElo "2167"]
[Opening "Caro-Kann: classical variation"]
[ECO "B18"]
[Time "15:01:31"]
[TimeControl "2700+45"]

1. e4 c6 2. d4 d5 3. Nc3 dxe4 4. Nxe4 Bf5 5. Nc5 b6 6. Nb3 e6 7. Nf3 Nf6 8. g3
a5 9. Bg2 a4 10. Nbd2 a3 11. O-O axb2 12. Bxb2 Ba3 13. Bxa3 Rxa3 14. Nc4 Ra4 15.
Ne3 Be4 16. c4 Ra5 17. a4 c5 18. dxc5 Rxc5 19. Qxd8+ Kxd8 20. Nd4 Bxg2 21. Kxg2
Ke7 22. Rfb1 Nbd7 23. Nb3 Rc7 24. Re1 Rd8 25. Rad1 g6 26. a5 bxa5 27. Nxa5 Nc5
28. Nd5+ Nxd5 29. cxd5 Kf6 30. d6 Rcc8 31. Re3 Nd7 32. Rd4 Nb6 33. Rf3+ Kg7 34.
Rb3 Nd5 35. Nc4 Rb8 36. Ra3 Nb6 37. Ne5 Ra8 38. Rxa8 Rxa8 39. Rb4 Rb8 40. Nc6
Rb7 41. Rxb6 Rxb6 42. d7 Rxc6 43. d8=Q h5 44. Qd4+ Kg8 45. Qf6 Rd6 46. h4 Rd5
47. f3 Rf5 48. Qe7 Kg7 49. g4 Rd5 50. Kf2 Rd2+ 51. Ke3 Rd5 52. Qc7 Kg8 53. Qc8+
Kg7 54. Qc3+ Kg8 55. Kf4 Rb5 56. Qf6 Rd5 57. Ke4 Rb5 58. Kf4 Rd5 59. Ke3 Rb5 60.
Kd3 Rd5+ 61. Kc4 hxg4 62. fxg4 Rd1 63. h5 gxh5 64. Qg5+ Kh7 65. gxh5 Rd5 66. Qg4
Rf5 67. Kd4 Rd5+ 68. Ke3 Rf5 69. Qh4 Kh6 70. Ke2 Kh7 71. h6 Re5+ 72. Kf3 Ra5 73.
Ke3 Ra3+ 74. Ke2 Ra2+ 75. Kd3 Ra3+ 76. Kc2 Rf3 77. Qg5 {Black resigns} 1-0

[Event "Team 45 45 League T47"]
[Site "Internet Chess Club"]
[Date "2010.11.12"]
[Round "2"]
[White "Ptzz"]
[Black "WilThorpe"]
[Result "1/2-1/2"]
[WhiteElo "2072"]
[BlackElo "2052"]
[Opening "Czech Benoni defense"]
[ECO "A56"]
[Time "13:00:28"]
[TimeControl "2700+45"]

1. d4 Nf6 2. c4 c5 3. d5 e5 4. Nc3 d6 5. e4 Be7 6. Nf3 Nbd7 7. Bd3 a6 8. a4 O-O
9. h3 Ne8 10. g4 Kh8 11. Be3 g6 12. Rg1 Ng7 13. Bh6 Nf6 14. Qd2 Ng8 15. Ke2 f6
16. Rg2 Rf7 17. h4 Nxh6 18. Qxh6 Bd7 19. Rh1 Bf8 20. Qe3 Qa5 21. Nd2 Be7 22.
Rgg1 Raf8 23. f3 Qb6 24. b3 Qd8 25. Qh6 Rg8 26. Nf1 Qf8 27. Qe3 f5 28. h5 gxh5
29. exf5 h4 30. Ne4 Bxf5 31. gxf5 Nxf5 32. Rxg8+ Qxg8 33. Qg1 Nd4+ 34. Kd1 Qf8
35. Nfd2 Nxf3 36. Nxf3 Rxf3 37. Kc2 Rxd3 38. Kxd3 Qf3+ 39. Kd2 Qxe4 40. Kc1 Bg5+
41. Qxg5 Qxh1+ 42. Kb2 Qh2+ 43. Ka3 Qf4 44. Qd8+ Kg7 45. Qxd6 Qc1+ 46. Ka2 Qc2+
{Game drawn by mutual agreement} 1/2-1/2

[Event "Team 45 45 League T47"]
[Site "Internet Chess Club"]
[Date "2010.11.15"]
[Round "2"]
[White "chess9793"]
[Black "SuperJEM"]
[Result "1/2-1/2"]
[WhiteElo "2042"]
[BlackElo "2159"]
[Opening "Pirc: Austrian attack, 6.Bd3"]
[ECO "B09"]
[Time "20:00:28"]
[TimeControl "2700+45"]

1. e4 d6 2. d4 Nf6 3. Nc3 g6 4. f4 Bg7 5. Nf3 O-O 6. Bd3 Na6 7. O-O c5 8. d5 Bg4
9. Bc4 Nc7 10. h3 Bxf3 11. Qxf3 Rb8 12. a4 b6 13. Qd3 e6 14. Be3 exd5 15. exd5
Re8 16. Rae1 Nh5 17. Bd2 Bd4+ 18. Kh2 f5 19. Nb5 Nxb5 20. Bxb5 Rf8 21. c3 Bf6
22. Bc6 Rc8 23. b4 Rc7 24. c4 Bh4 25. Re3 Re7 26. Rxe7 Qxe7 27. Rf3 Qe4 {Game
drawn by mutual agreement} 1/2-1/2

[Event "Team 45 45 League T47"]
[Site "Internet Chess Club"]
[Date "2010.11.13"]
[Round "2"]
[White "Sandeen"]
[Black "superbeast"]
[Result "0-1"]
[WhiteElo "2185"]
[BlackElo "1892"]
[Opening "Catalan: closed"]
[ECO "E01"]
[Time "08:31:36"]
[TimeControl "2700+45"]

1. d4 Nf6 2. c4 e6 3. g3 d5 4. Bg2 Bb4+ 5. Bd2 Be7 6. Nf3 O-O 7. O-O c6 8. Qc2
Nbd7 9. Bg5 b6 10. Nbd2 Bb7 11. e4 h6 12. Bxf6 Nxf6 13. e5 Nh7 14. cxd5 exd5 15.
Nb3 Qc7 16. Rac1 a5 17. a4 c5 18. dxc5 bxc5 19. Nbd4 Rfe8 20. Rfe1 Nf8 21. Nf5
Ne6 22. N3d4 Nxd4 23. Nxd4 Qb6 24. Nf5 c4 25. Ne3 Rad8 26. Rcd1 Bb4 27. Re2 Qe6
28. f4 Bc5 29. Kh1 Bxe3 30. Rxe3 d4 31. Ree1 d3 32. Qf2 Bxg2+ 33. Qxg2 Rb8 34.
Rd2 Rb4 35. Qe4 c3 {White resigns} 0-1

[Event "Team 45 45 League T47"]
[Site "Internet Chess Club"]
[Date "2010.11.11"]
[Round "2"]
[White "Atlantis"]
[Black "DARKwizard1"]
[Result "0-1"]
[WhiteElo "1866"]
[BlackElo "2145"]
[Opening "QGD: Chigorin defense"]
[ECO "D07"]
[Time "17:45:20"]
[TimeControl "2700+45"]

1. d4 Nc6 2. c4 d5 3. cxd5 Qxd5 4. Nf3 e5 5. Nc3 Bb4 6. Bd2 Bxc3 7. Bxc3 e4 8.
Ne5 e3 9. Nxc6 exf2+ 10. Kxf2 bxc6 11. e3 Nf6 12. Bd3 O-O 13. Re1 Re8 14. Kg1
Bb7 15. Qb3 c5 16. Qxd5 Nxd5 17. Bd2 Rad8 18. Rad1 cxd4 19. exd4 Rxe1+ 20. Rxe1
Nf6 21. Bc3 c5 22. Re7 cxd4 23. Ba5 Rb8 24. Bc4 Bd5 25. Bxd5 Nxd5 26. Rxa7 f6
27. b3 Rc8 28. Rd7 Nf4 29. Rd8+ Rxd8 30. Bxd8 Ne2+ 31. Kf2 Nc1 32. Bb6 Nxa2 33.
Bxd4 Nc1 34. b4 Nd3+ 35. Ke3 Nxb4 36. Ke4 Kf7 37. g4 Ke6 38. h4 g6 39. Bc3 Nd5
40. Bd2 Nb6 41. Be1 Nc4 42. Bb4 Ne5 43. g5 f5+ 44. Ke3 Kd5 45. Be1 f4+ 46. Ke2
Ke4 47. Bc3 Nf3 48. h5 Nxg5 49. hxg6 hxg6 50. Bf6 Ne6 51. Kf2 g5 52. Be7 g4 53.
Bh4 Kf5 54. Be7 g3+ 55. Kf3 Nd4+ 56. Kg2 Kg4 57. Bd6 Nf5 58. Bc7 Ne3+ 59. Kg1 f3
60. Bb6 f2+ {White resigns} 0-1

[Event "Team 45 45 League T47"]
[Site "Internet Chess Club"]
[Date "2010.11.11"]
[Round "2"]
[White "chiiwen"]
[Black "akdog3"]
[Result "1/2-1/2"]
[WhiteElo "2191"]
[BlackElo "2202"]
[Opening "Alekhine's defense: exchange variation"]
[ECO "B03"]
[Time "23:01:19"]
[TimeControl "2700+45"]

1. e4 Nf6 2. e5 Nd5 3. d4 d6 4. c4 Nb6 5. exd6 exd6 6. Nc3 Nc6 7. Be3 Be7 8. Nf3
Bg4 9. b3 O-O 10. Be2 Bf6 11. O-O d5 12. c5 Nc8 13. h3 Bh5 14. Qd2 Bg6 15. Bd3
N8e7 16. Ne2 Be4 17. Ne1 Nf5 18. Nc2 Re8 19. Bxe4 Rxe4 20. Nc3 Re8 21. Qd3 Qd7
22. b4 a5 23. a3 g6 24. b5 Nce7 25. Bf4 Ng7 26. Rfe1 Ne6 27. Be5 Bg7 28. Bxg7
Kxg7 29. Re5 c6 30. a4 Ng8 31. Rae1 Nf6 32. Qg3 Nc7 33. Rxe8 Nfxe8 34. Qe5+ Nf6
35. bxc6 bxc6 36. Rb1 Re8 37. Qf4 Ne6 38. Qd2 Qc7 39. g3 h6 40. Ne3 Ng5 41. Kg2
Qd7 42. Rh1 Qe7 43. Qd3 Qb7 44. h4 Nge4 45. Rb1 Qc7 46. Nxe4 Rxe4 {Game drawn by
mutual agreement} 1/2-1/2

[Event "Team 45 45 League T47"]
[Site "Internet Chess Club"]
[Date "2010.11.13"]
[Round "2"]
[White "vnchess"]
[Black "f5"]
[Result "1-0"]
[WhiteElo "2202"]
[BlackElo "2100"]
[Opening "Dutch"]
[ECO "A80"]
[Time "22:01:44"]
[TimeControl "2700+45"]

1. d4 f5 2. Nc3 d5 3. Bf4 Nf6 4. e3 e6 5. Bd3 Bd6 6. Nf3 c6 7. Ne5 Qe7 8. Bg5
Nbd7 9. f4 g6 10. Qf3 Qg7 11. O-O-O Ne4 12. Bxe4 fxe4 13. Qh3 Nf6 14. Qh4 Ng8
15. Qf2 Bd7 16. g4 Be7 17. Bxe7 Nxe7 18. Na4 b6 19. Qe2 Nc8 20. Qa6 Nd6 21. Nxb6
Bc8 22. Qa3 Rb8 23. Nxc8 Nxc8 24. Nxc6 Rb6 25. Ne5 Nd6 26. Qa4+ Kd8 27. Rhf1 Qc7
28. Rf2 Ke7 29. Qa3 Rhb8 30. c4 Rb4 31. Rc2 dxc4 32. d5 exd5 33. Rxd5 Ke8 34.
Rd4 a5 35. Nxc4 Nxc4 36. Rxe4+ Kf7 37. Qc3 Rc8 38. b3 Qb7 39. Rxc4 Rcxc4 40.
bxc4 Rb1+ 41. Kd2 Qd7+ 42. Qd4 Qxg4 43. Qd5+ Kg7 44. Kc3 Qg1 45. Qe5+ Kg8 46.
Rd2 Rc1+ 47. Kb3 Rb1+ 48. Ka4 Rb7 49. Rd8+ Kf7 50. Qd5+ Ke7 51. Qd6+ {Black
resigns} 1-0

[Event "Team 45 45 League T47"]
[Site "Internet Chess Club"]
[Date "2010.11.14"]
[Round "2"]
[White "Fulvio"]
[Black "SlimeDog2"]
[Result "1/2-1/2"]
[WhiteElo "2033"]
[BlackElo "2105"]
[Opening "King's Indian: fianchetto without c4"]
[ECO "A49"]
[Time "15:00:53"]
[TimeControl "2700+45"]

1. d4 Nf6 2. Nf3 g6 3. g3 d5 4. Bg2 Bg7 5. O-O O-O 6. Nbd2 c5 7. dxc5 Na6 8. Nb3
Ne4 9. c3 Naxc5 10. Nfd4 e5 11. Nxc5 Nxc5 12. Nb3 Ne4 13. Be3 b6 14. a4 Be6 15.
a5 Qc7 16. Ra4 Qc6 17. Qa1 d4 18. Nd2 dxe3 19. Nxe4 exf2+ 20. Rxf2 Bd5 21. Nf6+
Bxf6 22. Bxd5 Qxd5 23. Rxf6 b5 24. Rb4 Qc5+ 25. Kg2 Rad8 26. Qe1 Kg7 27. Qf2 Qe7
28. Rc6 Rd5 29. Ra6 Ra8 30. Qf3 Rad8 31. Qe3 R8d7 32. Rh4 h5 33. Re4 f5 34. c4
Rc5 35. b4 Rxc4 36. Rxe5 Qf7 37. Rxb5 {Game drawn by mutual agreement} 1/2-1/2

[Event "Team 45 45 League T47"]
[Site "Internet Chess Club"]
[Date "2010.11.14"]
[Round "2"]
[White "Matusalen"]
[Black "martineden"]
[Result "1-0"]
[WhiteElo "2111"]
[BlackElo "1859"]
[Opening "Queen's pawn game, Darooha variation "]
[ECO "D11"]
[Time "11:00:38"]
[TimeControl "2700+45"]

1. Nf3 d5 2. d4 Nf6 3. c4 c6 4. Qc2 g6 5. Bf4 dxc4 6. Qxc4 Bg7 7. Nc3 O-O 8. e4
Nbd7 9. Be2 Nb6 10. Qc5 Bg4 11. Rd1 Re8 12. O-O Bf8 13. Qa5 Bxf3 14. Bxf3 Qc8
15. b3 Rd8 16. h3 Bg7 17. a4 Nbd7 18. e5 Ne8 19. Qb4 Bf8 20. a5 e6 21. Qc4 Nc7
22. Bg5 Re8 23. Rc1 Nd5 24. Nxd5 cxd5 25. Qa4 b5 26. Qxb5 a6 27. Rxc8 axb5 28.
Rxe8 Rxe8 29. Be2 Rb8 30. Rc1 Bb4 31. Rc7 Nf8 32. a6 Ba5 33. Rb7 Rxb7 34. axb7
Bc7 35. Bxb5 h5 36. Be7 {Black resigns} 1-0

[Event "Team 45 45 League T47"]
[Site "Internet Chess Club"]
[Date "2010.11.14"]
[Round "2"]
[White "Paulkov"]
[Black "chesskilleruk"]
[Result "1/2-1/2"]
[WhiteElo "2268"]
[BlackElo "2187"]
[Opening "Caro-Kann: Steinitz variation"]
[ECO "B17"]
[Time "21:08:46"]
[TimeControl "2700+45"]

1. e4 c6 2. d4 d5 3. Nc3 dxe4 4. Nxe4 Nd7 5. Nf3 Ngf6 6. Ng3 c5 7. dxc5 Qa5+ 8.
c3 Qxc5 9. Be3 Qc7 10. Qa4 a6 11. Be2 e6 12. O-O Be7 13. Rad1 O-O 14. Rfe1 Nc5
15. Qc2 b5 16. Bd4 Ncd7 17. Bd3 h6 18. Ne5 Nc5 {Game drawn by mutual agreement}
1/2-1/2

[Event "Team 45 45 League T47"]
[Site "Internet Chess Club"]
[Date "2010.11.11"]
[Round "2"]
[White "TerryMalloy"]
[Black "Campagnolo"]
[Result "1/2-1/2"]
[WhiteElo "2029"]
[BlackElo "2043"]
[Opening "KGD: classical, 4.c3"]
[ECO "C30"]
[Time "21:01:26"]
[TimeControl "2700+45"]

1. e4 e5 2. f4 Bc5 3. Nf3 d6 4. c3 Bb6 5. Na3 exf4 6. d4 Ne7 7. Bxf4 Ng6 8. Bg3
O-O 9. Bd3 c6 10. Qd2 Bc7 11. O-O-O b5 12. h4 h5 13. Nc2 a5 14. Ne3 a4 15. Nf5
d5 16. Bxc7 Qxc7 17. e5 Bxf5 18. Bxf5 Ne7 19. Bc2 c5 20. Qg5 Ra6 21. Qxh5 Rh6
22. Qg5 b4 23. cxb4 cxb4 24. Kb1 b3 25. axb3 axb3 26. Bxb3 Nbc6 27. Rc1 Ra8 28.
Rc3 Qa5 29. Kc2 Rg6 30. Qd2 Nb4+ 31. Kd1 Nf5 32. Rg1 Ng3 33. Ng5 Qa1+ 34. Rc1
Rc6 35. Nf3 Rxc1+ 36. Qxc1 Qxc1+ 37. Kxc1 Ne2+ 38. Kd2 Nxg1 39. Nxg1 Rb8 40. Ne2
Kf8 41. Nf4 Nc6 42. Bxd5 Nxd4 43. Nd3 Nf5 44. h5 Ng3 45. Bf3 Ke7 46. b4 Ke6 47.
Kc3 Nf1 48. Bg4+ Kd5 49. Bf3+ Ke6 50. Bg4+ Kd5 51. Bf3+ {Game drawn by mutual
agreement} 1/2-1/2

[Event "Team 45 45 League T47"]
[Site "Internet Chess Club"]
[Date "2010.11.15"]
[Round "2"]
[White "egyptiantiger"]
[Black "AreYouSerious"]
[Result "0-1"]
[WhiteElo "2100"]
[BlackElo "1952"]
[Opening "King's Indian: 5.Nf3"]
[ECO "E90"]
[Time "15:32:06"]
[TimeControl "2700+45"]

1. d4 Nf6 2. c4 d6 3. Nf3 g6 4. Nc3 Bg7 5. e4 c6 6. Be2 O-O 7. O-O Bg4 8. Ne1
Bxe2 9. Qxe2 e5 10. d5 c5 11. Nd3 a6 12. Bd2 Nbd7 13. Rfb1 Nb6 14. b3 Nh5 15.
Rc1 Rc8 16. g4 Nf6 17. Nd1 h5 18. f3 Qe7 19. N1f2 hxg4 20. fxg4 Nbd7 21. Bg5 Kh7
22. Qf3 b5 23. Rc2 Rh8 24. h3 bxc4 25. bxc4 Rb8 26. Nc1 Rb4 27. Nfd3 Rb6 28. Nb3
Bh6 29. Bxh6 Kxh6 30. g5+ Kxg5 31. Qe3+ Kh5 32. Rg2 Nh7 33. Rf1 Ndf6 34. Rf3 g5
35. Rf5 Ne8 36. h4 f6 37. hxg5 fxg5 38. Rh2+ Kg6 39. Qh3 Nef6 40. Qh6+ Kf7 41.
Rxf6+ Qxf6 42. Rf2 Rbb8 43. Qh5+ Ke7 44. Rxf6 Nxf6 45. Qf3 Rh4 46. Qf5 Rg4+ 47.
Kf1 Rf8 48. Qe6+ Kd8 49. Qxd6+ Nd7+ 50. Ke1 Rg1+ 51. Kd2 Rg2+ 52. Kc3 Rf6 53.
Qxf6+ Nxf6 54. Nbxc5 g4 55. Nxe5 g3 56. Ne6+ Kc8 57. Ng5 Rxa2 58. Kd3 g2 59.
Nef3 Rf2 60. e5 Nh7 61. Ke3 Nxg5 62. Kxf2 Nxf3 63. Kxg2 Nxe5 64. c5 a5 65. Kf2
a4 66. Ke2 a3 67. Kd2 a2 {White resigns} 0-1

[Event "Team 45 45 League T47"]
[Site "Internet Chess Club"]
[Date "2010.11.14"]
[Round "2"]
[White "mitus"]
[Black "parrot9"]
[Result "1-0"]
[WhiteElo "1723"]
[BlackElo "1643"]
[Opening "Sicilian, Chekhover variation"]
[ECO "B53"]
[Time "12:00:36"]
[TimeControl "2700+45"]

1. e4 c5 2. Nf3 d6 3. d4 cxd4 4. Qxd4 Nc6 5. Bb5 Bd7 6. Bxc6 Bxc6 7. Nc3 Nf6 8.
Bg5 e6 9. O-O-O Be7 10. Rhe1 Qa5 11. Bd2 Qc7 12. Bg5 Qa5 13. Bh4 O-O 14. Kb1
Rfd8 15. h3 b5 16. Nd2 Rab8 17. Nb3 Qc7 18. Qb4 d5 19. Qa5 Qb7 20. e5 Ne4 21.
Bxe7 Qxe7 22. Nxe4 dxe4 23. Nd4 Bd5 24. Re3 Rdc8 25. Ra3 Qg5 26. Qxa7 Ra8 27.
Qd7 Qxe5 28. Nc6 Qh5 29. g4 Qg5 30. Ne7+ Kf8 31. Nxc8 Rxa3 32. Qd6+ Ke8 33. Qxa3
Qd8 34. Nd6+ Kd7 35. Nxb5 Kc6 36. Nd4+ Kb7 37. Qb4+ Kc8 38. Qc5+ Kb7 39. c4 e3
{Black resigns} 1-0

[Event "Team 45 45 League T47"]
[Site "Internet Chess Club"]
[Date "2010.11.15"]
[Round "2"]
[White "ElmerHo"]
[Black "clarinetref"]
[Result "0-1"]
[WhiteElo "1632"]
[BlackElo "1681"]
[Opening "Sicilian: Najdorf"]
[ECO "B90"]
[Time "19:03:19"]
[TimeControl "2700+45"]

1. e4 c5 2. Nf3 d6 3. d4 cxd4 4. Nxd4 Nf6 5. Nc3 a6 6. f3 e6 7. Be3 Be7 8. Qd2
Qc7 9. g4 Nc6 10. O-O-O Nd7 11. h4 Nde5 12. Qf2 b5 13. g5 Bb7 14. Kb1 Na5 15.
Nxe6 fxe6 16. Bb6 Qc6 17. Bxa5 O-O 18. Rh3 Rac8 19. Bb4 Rcd8 20. Be2 Nc4 21.
Bxc4 Qxc4 22. Qd4 Qc8 23. Qb6 e5 24. Rg3 Qc6 25. Qxc6 Bxc6 26. Nd5 Bxd5 27. Rxd5
Rf4 28. Rh3 Rdf8 29. Rd3 Rxe4 30. b3 Rxb4 {White resigns} 0-1

[Event "Team 45 45 League T47"]
[Site "Internet Chess Club"]
[Date "2010.11.12"]
[Round "2"]
[White "PostMike"]
[Black "Invicta-Knight"]
[Result "1-0"]
[WhiteElo "1523"]
[BlackElo "1465"]
[Opening "Scandinavian: Marshall variation"]
[ECO "B01"]
[Time "14:30:20"]
[TimeControl "2700+45"]

1. e4 d5 2. exd5 Nf6 3. d4 Nxd5 4. c4 Nf6 5. Nf3 Bg4 6. Be2 e6 7. Nc3 Qd7 8. h3
Bh5 9. g4 Bg6 10. Ne5 Qd6 11. Nxg6 hxg6 12. Nb5 Qd7 13. Bf4 Bb4+ 14. Kf1 Na6 15.
a3 Be7 16. Bf3 c6 17. Nc3 Rd8 18. Be3 Nh7 19. Qd2 Nf6 20. Rd1 Nc7 21. b4 b5 22.
cxb5 cxb5 23. Kg2 Nfd5 24. Nxd5 Nxd5 25. Rc1 f5 26. Bg5 Nf6 27. Bc6 {Black
resigns} 1-0

[Event "Team 45 45 League T47"]
[Site "Internet Chess Club"]
[Date "2010.11.13"]
[Round "2"]
[White "Whalen"]
[Black "tryanything"]
[Result "1-0"]
[WhiteElo "1621"]
[BlackElo "1578"]
[Opening "Two knights defense (Modern bishop's opening)"]
[ECO "C55"]
[Time "03:58:58"]
[TimeControl "2700+45"]

1. e4 e5 2. Nf3 Nc6 3. Bc4 Nf6 4. d3 d5 5. exd5 Nxd5 6. O-O Be7 7. Re1 Bg4 8. h3
Bxf3 9. Qxf3 Nf6 10. Bb5 O-O 11. Bxc6 bxc6 12. Nc3 Nd5 13. Ne4 f5 14. Nc3 Qd6
15. a3 g6 16. Bd2 Bf6 17. Na4 e4 18. dxe4 fxe4 19. Qxe4 Rae8 20. Qc4 Kh8 21. Bh6
Bg7 22. Bxg7+ Kxg7 23. Qd4+ Qf6 24. Qxa7 Ra8 25. Qc5 Rxa4 26. c4 Nb6 27. Re7+
Rf7 28. Rae1 Rxc4 29. Rxf7+ Kxf7 30. Qe3 Nd5 31. Qh6 Rh4 32. Qd2 Rd4 33. Qe2 Kg7
34. Qe8 Kh6 35. Re6 Rd1+ 36. Re1 Rxe1+ 37. Qxe1 Qxb2 38. a4 Qb4 39. Qc1+ Kg7 40.
Qxc6 Qe1+ 41. Kh2 Qe5+ 42. Kg1 Qd6 43. Qb7 Nc3 44. Qb2 Qd4 45. a5 c5 46. Kh2
Qe5+ 47. g3 c4 48. a6 Qa5 49. Qb7+ Kh6 50. a7 Ne2 51. a8=Q Qe1 52. Qf8+ Kh5
{Black resigns} 1-0

[Event "Team 45 45 League T47"]
[Site "Internet Chess Club"]
[Date "2010.11.15"]
[Round "2"]
[White "kidviper"]
[Black "rook9999"]
[Result "1-0"]
[WhiteElo "2015"]
[BlackElo "1767"]
[Opening "Queen's pawn game, Darooha variation "]
[ECO "D11"]
[Time "16:00:09"]
[TimeControl "2700+45"]

1. d4 d5 2. Nf3 Nf6 3. c4 c6 4. Bg5 e6 5. e3 h6 6. Bh4 Nbd7 7. cxd5 exd5 8. Bd3
Qa5+ 9. Nbd2 Be7 10. O-O O-O 11. a3 Re8 12. Bg3 c5 13. dxc5 Qxc5 14. b4 Qb6 15.
Rc1 Bd6 16. Bxd6 Qxd6 17. Nd4 a6 18. Nf5 Qb8 19. Nd4 Ne5 20. Bb1 Ne4 21. Qc2
Nxd2 22. Qxd2 Ng4 23. Nf3 Nf6 24. h3 Ne4 25. Qxd5 Nc3 26. Rxc3 Be6 27. Qd3 g6
28. Nd4 Bd5 29. f3 Re7 30. e4 Be6 31. Nxe6 Rxe6 32. Qd7 b5 33. Ba2 Qb6+ 34. Kh1
Rd8 35. Rc8 Rxc8 36. Qxc8+ Kg7 37. Bxe6 {Black resigns} 1-0